AoeStats
← LittleMeatBoy

Arabia

508549226Analyzed
1v1 RM · 11d ago on Sep 23, 2026· 44m 51s· 2 players
Game mode
Random Map
Map size
Tiny (2 player)
Population
200
Speed
Normal
Resources
Standard
Victory
Conquest
Starting age
Dark Age
Ending age
Imperial Age
RankedLock teamsTeams togetherTeam positionsShared explorationLock speedFull tech treeHidden civsTurbo modeCheats
Victory
Defeat
🇦🇷 Burgundians · Argentina
923
+16
🇧🇷 Burgundians · Brazil
933
-16
LittleMeatBoy
6:37 Double-Bit Axe
9:13 Feudal Age
14:41 Forging
19:55 Castle Age
18:39 Horse Collar
19:15 Bow Saw
19:09 Scale Mail Armor
23:56 Scale Barding Armor
35:16 Imperial Age
34:11 Cavalier
35:30 Murder Holes
35:56 Ballistics
38:02 Husbandry
38:38 Fletching
38:38 Elite Skirmisher
41:10 Bodkin Arrow
41:15 Padded Archer Armor
41:51 Iron Casting
LucasOliveira98
12:53 Feudal Age
13:24 Double-Bit Axe
19:10 Gold Mining
20:05 Bow Saw
23:56 Castle Age
22:01 Fletching
24:13 Padded Archer Armor
24:10 Horse Collar
24:07 Crossbowman
25:10 Bodkin Arrow
29:28 Forging
30:15 Heavy Plow
30:31 Pikeman
33:15 Scale Mail Armor
39:32 Leather Archer Armor
40:47 Wheelbarrow
44:26 Ballistics
Connection lost

Rejoining the realm…

Still unreachable

The connection could not be restored.

Session expired

The server has moved on; the page needs a fresh start.